 Dungeon Crawl Stone Soup version 0.29.1-15-g9cfb28693d (webtiles) character file.

Game seed: 7796725629019997134

112 PriceMaster the Conjurer (level 4, 0/27 HPs)
             Began as an Octopode Conjurer on Apr 14, 2023.
             Slain by Sigmund
             ... wielding a +0 scythe of protection
              (3 damage)
             ... on level 2 of the Dungeon.
             The game lasted 00:04:55 (2471 turns).

PriceMaster the Conjurer (Octopode Conjurer)        Turns: 2471, Time: 00:04:56

Health: 0/27       AC:  1    Str:  5 (6)  XL:     4   Next: 93%
Magic:  4/7        EV: 13    Int: 21 (22) God:
Gold:   59         SH:  0    Dex:  8 (10) Spells: 5/8 levels left

rFire   . . .      SeeInvis .   a - +0 spear
rCold   . . .      Faith    .   (no shield)
rNeg    . . .      Spirit   .   (helmet restricted)
rPois   .          Reflect  .   (no amulet)
rElec   .          Harm     .   (no ring)
rCorr   .          Rampage  .   (no ring)
Will    .....                   (no ring)
Stlth   +++.......              (no ring)
HPRegen 0.09/turn               (no ring)
MPRegen 0.10/turn               (no ring)
                                (no ring)
                                (no ring)

@: brilliant
A: almost no armour, amphibious, 8 rings, camouflage 1, gelatinous body 1,
(nimble swimmer 1), tentacles
a: no special abilities


You were on level 2 of the Dungeon.
You visited 1 branch of the dungeon, and saw 2 of its levels.

You collected 59 gold pieces.

Inventory:

Hand Weapons
 a - a +0 spear (weapon)
 d - a +0 dagger
 e - a +0 short sword
Jewellery
 h - an amulet of reflection
 k - a ring of poison resistance
Scrolls
 b - a scroll of vulnerability
 c - a scroll of identify
 i - a scroll of immolation {unknown}
 l - a scroll of fog {unknown}


   Skills:
 + Level 2.0 Dodging
 + Level 3.4 Stealth
 + Level 2.5 Spellcasting
 + Level 5.6 Conjurations


You had 5 spell levels left.
You knew the following spells:

 Your Spells              Type           Power      Damage    Failure   Level
a - Magic Dart            Conj           100%       1d8       1%          1
b - Searing Ray           Conj           78%        2d7       2%          2

Your spell library contained the following spells:

 Spells                   Type           Power      Damage    Failure   Level
 Dazzling Flash           Conj/Hex       42%        N/A       13%         3
 Stone Arrow              Conj/Erth      42%        3d9       13%         3
 Sandblast                Erth           6%         2d5       14%         1
 Passwall                 Tmut/Erth      2%         N/A       22%         2
 Fulminant Prism          Conj/Hex       10%        3d9       41%         4
 Iskenderun's Mystic Bla  Conj/Tloc      21%        2d6       41%         4


Dungeon Overview and Level Annotations

Branches:
Dungeon (2/15)

Altars:

Annotations:
D:2 Sigmund


Innate Abilities, Weirdness & Mutations

You cannot wear most types of armour.
You are amphibious.
You can wear up to eight rings at the same time.
Your skin changes colour to match your surroundings (Stealth+).
Your rubbery body absorbs attacks. (AC +1, EV +1)
((You are camouflaged when in or above water. (Stealth+)))
You have tentacles for arms and can constrict up to eight enemies at once.


Message History

Your hobgoblin's corpse dissolves into shadows!
Your kobold closely misses Sigmund.
You are too injured to fight recklessly!
Casting: Searing Ray (safe; 2% risk of failure)
Confirm with . or Enter, or press ? or * to list all spells.
You don't know that spell.
Casting: Searing Ray (safe; 2% risk of failure)
Confirm with . or Enter, or press ? or * to list all spells.
Aiming: Searing Ray (safe; 2% risk of failure)
Press: ? - help, Shift-Dir - straight line, f - Sigmund
Aim: Sigmund, wielding a +0 scythe of protection and wearing a +0 robe (ally target, 78% to hit)
You feel a surge of power!
The searing ray hits Sigmund but does no damage. (Press . to maintain the ray.) Sigmund gestures at you while chanting.
You are confused.
Your kobold closely misses Sigmund.
Your kobold barely misses Sigmund.
You're too confused to cast spells.
You bump into the rock wall.
Sigmund mumbles some strange words.
Sigmund flickers and vanishes!
Deactivating autopickup; reactivate with Ctrl-A.
Your kobold closely misses something.
Unknown command.
You're too confused to cast spells.
There is a strange disturbance nearby!
You are too confused!
You aren't carrying any potions.
You bump into the rock wall.
Something hits you but does no damage.
Your kobold closely misses something.
Unknown command.
You bump into the rock wall.
Something hits you!
* * * LOW HITPOINT WARNING * * *
Your kobold hits something but does no damage.
Your kobold misses something.
You bump into the rock wall.
You feel less confused. Something hits you.
You die...

#........#.########.#.#
#.......)#).........#.#
#..........##########.#
#.......#.## #...# #.#
##'###'##..###...# #.#
#.# #.###..##...####.##
#.# #..###..'....†.....
#.# ##.######...##.....
#.# #@.# #...##.#...
..( ##{#####...##.####
... #K...##...##.#.[.
####..######.#.##
##...# #.#.#
##########.# #.#.#
....)......# #.#.#
##########.# #.#)#
#########.####.#.#


You could see a friendly kobold (summoned).

Vanquished Creatures
  Jessica (D:2)
  4 gnolls (D:2)
  A dart slug (D:1)
  6 bats
  4 endoplasms
  A giant cockroach (D:1)
  7 goblins
  4 hobgoblins
  6 kobolds
  2 quokkas (D:1)
  A ball python (D:1)
  A frilled lizard (D:2)
  8 rats
46 creatures vanquished.

Notes
Turn   | Place    | Note
-------+----------+-------------------------------------------
     0 | D:1      | PriceMaster the Octopode Conjurer began the quest for the
                  | Orb.
     0 | D:1      | Reached XP level 1. HP: 11/11 MP: 3/3
     2 | D:1      | Noticed a vampire
     4 | D:1      | Noticed a felid
     6 | D:1      | Noticed a troll
     6 | D:1      | Noticed a tengu
     8 | D:1      | Noticed a meteoran
     8 | D:1      | Noticed an ogre
    10 | D:1      | Noticed a naga
    12 | D:1      | Noticed an octopode
    12 | D:1      | Noticed a palentonga
    14 | D:1      | Noticed a human
    14 | D:1      | Noticed a minotaur
    16 | D:1      | Noticed a gargoyle
    16 | D:1      | Noticed a formicid
    18 | D:1      | Noticed a spriggan
    20 | D:1      | Noticed a ghoul
    22 | D:1      | Noticed an elf
    22 | D:1      | Noticed a demonspawn
    24 | D:1      | Noticed a merfolk
    24 | D:1      | Noticed a demigod
    26 | D:1      | Noticed a troll
    26 | D:1      | Noticed a vine stalker
    28 | D:1      | Noticed a merfolk
    28 | D:1      | Noticed a gargoyle
   268 | D:1      | Found a faded altar of an unknown god.
   443 | D:1      | Reached XP level 2. HP: 11/17 MP: 0/5
   810 | D:1      | Learned a level 2 spell: Searing Ray
  1204 | D:1      | Reached XP level 3. HP: 21/21 MP: 1/6
  1948 | D:2      | Noticed Jessica
  1951 | D:2      | Killed Jessica
  1952 | D:2      | Reached skill level 5 in Conjurations
  1952 | D:2      | Reached XP level 4. HP: 27/27 MP: 2/7
  2417 | D:2      | Noticed Sigmund
  2460 | D:2      | HP: 1/27 [Sigmund/+0 scythe of protection (5)]
  2471 | D:2      | Slain by Sigmund

Illustrated notes

Levels and vault maps discovered:
D:1:      kb_arrival_jail, layout_basic, serial_glass, glass_columns_a,
          glass_columns_c, glass_columns_c, glass_columns_c, glass_columns_c,
          glass_columns_b, dilly_ecumenical_altar_fadedgnrine, st_stairs_12
D:2:      layout_basic, uniq_jessica, uniq_sigmund

Skill      XL: |  1  2  3 |
---------------+----------+-----
Stealth        | 3 |  3.4
Conjurations   | 5 |  5.6
Dodging        | |  2.0
Spellcasting   | |  2.5

Action                   |  1- 3 |  4- 6 || total
-------------------------+-------+-------++-------
Melee: Unarmed           |    19 |       ||    19
       Tentacles         |     7 |       ||     7
       Constrict         |     6 |       ||     6
       Short sword       |     3 |       ||     3
 Cast: Magic Dart        |    55 |    12 ||    67
       Searing Ray       |     7 |     4 ||    11
  Use: Potion            |       |     4 ||     4
       Scroll            |       |     2 ||     2
 Stab: Sleeping          |     1 |       ||     1
Armor: Skin              |     4 |     1 ||     5
Dodge: Dodged            |    18 |     5 ||    23
